 Dungeon Crawl Stone Soup version 0.28-a0-1184-g53156a8862 (webtiles) character file.

Game seed: 8507529709415926076

2836 timneilson the Schismatic (level 9, -18/68 HPs)
             Began as a Demonspawn Abyssal Knight on Dec 18, 2021.
             Was an Elder of Lugonu.
             Demolished by Psyche (20 damage)
             ... on level 8 of the Dungeon.
             The game lasted 00:13:50 (6598 turns).

timneilson the Schismatic (DsAK)                    Turns: 6598, Time: 00:13:51

Health: -18/68     AC: 17    Str: 23    XL:     9   Next: 45%
Magic:  13/14      EV: 10    Int: 12    God:    Lugonu [****..]
Gold:   384        SH:  0    Dex: 14    Spells: 8/8 levels left

rFire   + . .      SeeInvis .   s - +0 scimitar
rCold   . . .      Faith    .   (no shield)
rNeg    . . .      Spirit   .   h - +1 chain mail
rPois   +          Reflect  .   (no helmet)
rElec   +          Harm     .   (no cloak)
rCorr   .          Rampage  .   (no gloves)
Will    .....                   (no boots)
Stlth   ..........              k - amulet of regeneration
HPRegen 1.01/turn               e - +6 ring of strength
MPRegen 0.14/turn               q - ring "Iquyseb" {rElec rPois rF+ Will- Slay+3}

@: sanguine armoured, hasted, very quick
A: demonic guardian 2, sanguine armour 1
a: Renounce Religion, Depart the Abyss, Bend Space, Banish, Corrupt


You were on level 8 of the Dungeon.
You worshipped Lugonu.
Lugonu was greatly pleased with you.
You visited 1 branch of the dungeon, and saw 8 of its levels.
You visited the Abyss 1 time.

You collected 384 gold pieces.

Inventory:

Hand Weapons
 f - a +0 vorpal long sword
 i - a +1 falchion of flaming
 s - a +0 scimitar (weapon)
Missiles
 r - 2 throwing nets
Armour
 c - a +0 plate armour
 h - a +1 chain mail (worn)
Jewellery
 e - a +6 ring of strength (left hand)
 j - a ring of fire
 k - an amulet of regeneration (around neck)
 n - a ring of protection from fire
 q - the ring "Iquyseb" (right hand) {rElec rPois rF+ Will- Slay+3}
   (You found it on level 5 of the Dungeon)

   [ring of protection from fire]

   Slay:      It affects your accuracy & damage with ranged weapons and melee
   (+3).
   rF:        It protects you from fire.
   rElec:     It insulates you from electricity.
   rPois:     It protects you from poison.
   Will:      It decreases your willpower.
Wands
 a - a wand of flame (43)
 m - a wand of iceblast (12)
 o - a wand of digging (6)
Scrolls
 p - 2 scrolls of summoning
Potions
 b - 2 potions of curing
 d - a potion of might
 g - 4 potions of mutation
 l - a potion of cancellation
 t - a potion of haste {unknown}


   Skills:
 + Level 5.5 Fighting
 * Level 6.4 Long Blades
 * Level 6.3 Armour
 + Level 4.2 Dodging
 + Level 6.6 Invocations
 + Level 3.5 Evocations


You had 8 spell levels left.
You didn't know any spells.
Your spell library contained the following spells:

 Spells                   Type           Power      Damage    Failure   Level
 Ensorcelled Hibernation  Hex/Ice        0%         N/A       98%         2
 Summon Guardian Golem    Hex/Summ       0%         N/A       100%        3
 Tukima's Dance           Hex            0%         N/A       100%        3
 Orb of Destruction       Conj           0%         N/A       100%        7
 Spellforged Servitor     Conj/Summ      0%         N/A       100%        7


Dungeon Overview and Level Annotations

Branches:
Dungeon (8/15)             Temple (0/1) D:4
   Lair: D:8-11

Altars:
Gozag
Hepliaklqana
Makhleb
Nemelex Xobeh
Okawaru
Qazlal
Uskayaw
Wu Jian
Yredelemnul

Shops:
D:1 *   D:4 *

Annotations:
D:8 Psyche


Innate Abilities, Weirdness & Mutations

A demonic guardian rushes to your aid.
When seriously injured, your blood forms armour. (AC +6)


Message History

Your blood congeals into armour.
You closely miss the orc warrior.
The orc warrior is moderately wounded.
You hit the orc warrior but do no damage.
The orc warrior is moderately wounded.
The orc warrior closely misses you.
You barely miss the orc warrior.
The orc warrior is moderately wounded.
The orc warrior closely misses you.
You closely miss the orc warrior.
The orc warrior is moderately wounded.
Your blood armour dries and flakes away.
You slash the orc warrior!
The orc warrior is severely wounded.
The orc warrior hits you with a +0 mace.
You slash the orc warrior!
You kill the orc warrior!
Lugonu accepts your kill.
You hear a zap.
An iceblast appears from out of thin air!
The mass of ice explodes!
The iceblast engulfs you.
You hear a shout! x2
You hear a zap.
An iceblast appears from out of thin air!
The mass of ice explodes!
The iceblast engulfs you!!
Your blood congeals into armour.
The iceblast engulfs something!
You hear a shout!
Items here: )) [[ †.
You completely miss something. Something hits you but does no damage.
Space warps horribly around you!!
* * * LOW HITPOINT WARNING * * *
A demonic guardian appears!
You miss something. Something hits you but does no damage.
Space warps around you.
* * * LOW HITPOINT WARNING * * *
Unknown command.
You barely miss something. Something hits you.
* * * LOW HITPOINT WARNING * * *
Space warps horribly around you!!
You die...

#.....♣ ... ..
##.....♣♣. $..###.
#..##..... .@..#.
###..##..... .....
#######........_..
#...
#.....<.#....[....
#...
#.#######...≈≈....
#...###.#
##..≈≈..≈≈
#....##@#
#......≈≈
##....4{#
##.......
#....#### ###.....
#..#.# ###.##
#....... #.#
#....... #.#
#....... #.#
#.......# #..
...... ###


You could see a friendly hellwing (summoned).

Vanquished Creatures
  Harold (D:8)
  A water moccasin (D:7)
  3 orc warriors
  A black bear (D:7)
  2 ogres
  2 phantoms
  3 scorpions
  A water moccasin skeleton (D:7)
  3 wights
  2 jellies
  5 hounds
  A gnoll shaman (D:6)
  2 bullfrog skeletons (D:6)
  A centaur skeleton (D:4)
  An iguana (D:6)
  8 gnolls
  2 adders
  2 white imps
  An ufetubus (D:5)
  An adder skeleton (D:4)
  2 dart slugs (D:3)
  16 orcs
  5 endoplasms
  4 giant cockroaches
  4 goblins
  15 hobgoblins
  2 jackals
  5 kobolds
  4 quokkas
  9 ball pythons
  7 bats
  8 frilled lizards
  9 rats
  A spectral goblin (D:7)
134 creatures vanquished.

Vanquished Creatures (collateral kills)
  Grinder (D:4)
  Eustachio (D:4)
  Pargi (D:4)
  2 orc priests (D:5)
  An iguana (D:6)
  A dart slug (D:3)
  8 orcs
  A hobgoblin (D:4)
  A jackal (D:4)
17 creatures vanquished.

Vanquished Creatures (others)
  An orc wizard (D:8)
1 creature vanquished.

Grand Total: 152 creatures vanquished

Notes
Turn   | Place    | Note
-------+----------+-------------------------------------------
     0 | Abyss:1  | timneilson the Demonspawn Abyssal Knight began the quest
                  | for the Orb.
     0 | Abyss:1  | Reached XP level 1. HP: 18/18 MP: 2/2
    58 | Abyss:3  | Noticed a small abomination
    60 | D:1      | Escaped the Abyss
    75 | D:1      | You fall into a shaft and drop 1 floor!
   370 | D:2      | Reached skill level 1 in Dodging
   425 | D:2      | Reached * piety under Lugonu
   466 | D:2      | Gained mutation: A weak demonic guardian rushes to your
                  | aid. [demonic ancestry]
   466 | D:2      | Reached XP level 2. HP: 21/24 MP: 3/3
   855 | D:1      | Found Vurpheemp's Assorted Antiques.
  1107 | D:1      | Gained mutation: When seriously injured, your blood forms
                  | armour. (AC +6) [demonic ancestry]
  1107 | D:1      | Reached XP level 3. HP: 29/29 MP: 5/5
  1887 | D:2      | Reached ** piety under Lugonu
  2655 | D:3      | Gained mutation: A demonic guardian rushes to your aid.
                  | [demonic ancestry]
  2655 | D:3      | Reached XP level 4. HP: 20/35 MP: 6/6
  3002 | D:3      | Found a burning altar of Makhleb.
  3004 | D:3      | Noticed a green death
  3009 | D:3      | Noticed a neqoxec
  3009 | D:3      | Noticed a smoke demon
  3300 | D:4      | Found a staircase to the Ecumenical Temple.
  3411 | D:4      | Noticed Grinder
  3419 | D:4      | Noticed Eustachio
  3427 | D:4      | Paralysed by Grinder for 4 turns
  3739 | D:4      | Killed Eustachio
  3740 | D:4      | Reached XP level 5. HP: 23/42 MP: 7/7
  3907 | D:4      | Killed Grinder
  3908 | D:4      | Reached XP level 6. HP: 7/48 MP: 7/9
  4218 | D:4      | Noticed Pargi
  4233 | D:4      | Killed Pargi
  4234 | D:4      | Reached XP level 7. HP: 37/54 MP: 10/10
  4237 | D:4      | Found Ywnud's General Store.
  4539 | D:5      | Entered Level 5 of the Dungeon
  4626 | D:5      | Reached *** piety under Lugonu
  4704 | D:5      | Identified the ring "Iquyseb" {rElec rPois rF+ Will-
                  | Slay+3}
  4804 | D:5      | Reached skill level 1 in Evocations
  4886 | D:5      | Reached skill level 5 in Invocations
  5134 | D:6      | Reached XP level 8. HP: 61/61 MP: 11/11
  5295 | D:6      | Reached skill level 5 in Long Blades
  5350 | D:6      | Reached skill level 5 in Armour
  5782 | D:6      | Found a basalt altar of Yredelemnul.
  5969 | D:7      | Reached skill level 5 in Fighting
  6006 | D:7      | Found the +8 glaive of the Guard {elec, spectral, AC+5}
  6069 | D:7      | Reached **** piety under Lugonu
  6111 | D:7      | Found an opulent altar of Gozag.
  6112 | D:7      | Found a stormy altar of Qazlal.
  6115 | D:7      | Found a sparkling altar of Nemelex Xobeh.
  6115 | D:7      | Found a hide-covered altar of Uskayaw.
  6138 | D:7      | Reached XP level 9. HP: 68/68 MP: 13/13
  6229 | D:7      | Found a hazy altar of Hepliaklqana.
  6361 | D:8      | Noticed Harold
  6415 | D:8      | Found an iron altar of Okawaru.
  6425 | D:8      | Killed Harold
  6525 | D:8      | Found an ornate altar of the Wu Jian Council.
  6557 | D:8      | Noticed Psyche
  6598 | D:8      | HP: 2/68 [something (4)]
  6598 | D:8      | Demolished by Psyche

Illustrated notes

Levels and vault maps discovered:
D:1:      scummos_arrival_hexagon, layout_loops_corners, serial_shops,
          nicolae_square_shop, minmay_tetromino_t2
D:2:      layout_basic, grunt_ministairs_7, skrybe_limestone_x,
          minmay_misc_feat_encased
D:3:      layout_rooms, makhleb_altar_promises_db
D:4:      layout_cave_pools, temple_pool_b, serial_shops, shop,
          minmay_misc_feat_chi, uniq_grinder, uniq_eustachio, uniq_pargi
D:5:      layout_cave_pools, serial_column_ruins, column_ruins_grid_1,
          column_ruins_grid_1, column_ruins_columns_straight,
          column_ruins_grid_1
D:6:      layout_loops_ring, mainiacjoe_overflow_alcove_1
D:7:      layout_rooms, nicolae_hepliaklqana_monster_ancestors,
          grunt_temple_overflow_open
D:8:      layout_loops_ring, nicolae_wu_jian_wuxing_cycle,
          okawaru_metal_pillars_1_2, lemuel_round_altar, uniq_psyche,
          uniq_harold

Skill      XL: |  1  2  3  4  5  6  7  8  9 |
---------------+----------------------------+-----
Dodging        | 1 2 3 4 |  4.2
Long Blades    | 2 3 4 5 6 |  6.4
Armour         | 2 3 4 5 6 |  6.3
Invocations    | 3 4 5 6 |  6.6
Fighting       | 4 5 |  5.5
Evocations     | 1 2 3 |  3.5

Action                   |  1- 3 |  4- 6 |  7- 9 || total
-------------------------+-------+-------+-------++-------
Melee: Falchion          |   154 |    81 |    28 ||   263
       Long sword        |       |       |   200 ||   200
       Scimitar          |       |       |    26 ||    26
Invok: Depart the Abyss  |     1 |       |       ||     1
  Use: Scroll            |     2 |     5 |     8 ||    15
       Potion            |       |     1 |     2 ||     3
 Stab: Sleeping          |     1 |       |       ||     1
       Distracted        |       |       |     1 ||     1
Armor: Leather armour    |    46 |       |       ||    46
       Chain mail        |    20 |    90 |   147 ||   257
Dodge: Dodged            |    85 |    72 |   126 ||   283

Table legend: (Time is in decaauts)
 A = Elapsed time spent in this place.
 B = Non-inter-level travel time spent in this place.
 C = Inter-level travel time spent in this place.
 D = Time resting spent in this place.
 E = Time spent auto-exploring this place.
 F = Levels seen in this place.
 G = Mean time per level.
                   A        B        C        D        E       F      G
               +--------+--------+--------+--------+--------+-----+--------+
         Total |   6664 |   6505 |    159 |   1047 |   3853 |  11 |  605.8 |
       Dungeon |   6604 |   6445 |    159 |   1047 |   3853 |   8 |  825.5 |
         Abyss |     59 |     59 |      0 |      0 |      0 |   3 |   19.7 |
               +--------+--------+--------+--------+--------+-----+--------+

Top non-repeatable levels by time:
     D:2: 1468 daAuts
     D:3: 1303 daAuts
     D:1: 1060 daAuts
     D:6: 763 daAuts
     D:4: 691 daAuts
     D:5: 593 daAuts
     D:7: 537 daAuts
     D:8: 187 daAuts
 Abyss:1: 39 daAuts
 Abyss:3: 15 daAuts
 Abyss:2: 4 daAuts
